 Dungeon Crawl Stone Soup version 0.17-a0-1701-gf693a3f (console) character file.

123 Monkaria the Scratcher (level 4, -5/21 HPs)
             Began as a Felid Chaos Knight on Aug 20, 2015.
             Slain by Crazy Yiuf
             ... wielding a +4 quarterstaff of chaos
              (12 damage)
             ... on level 3 of the Dungeon.
             The game lasted 00:01:52 (2170 turns).

Monkaria the Scratcher (Felid Chaos Knight)         Turns: 2170, Time: 00:01:52

Health: -5/21      AC:  1    Str:  7    XL:     4   Next: 80%
Magic:  5/5        EV: 18    Int: 14    God:    Xom [*.....]
Gold:   87         SH:  0    Dex: 15    Spells: 0 memorised, 3 levels left
                                        Lives:  0   Deaths: 1

rFire  + . .     SeeInvis +       - Unarmed
rCold  . . .     Clarity  .     (armour unavailable)
rNeg   . . .     SustAt   .     (shield unavailable)
rPois  .         Gourm    .     (helmet unavailable)
rElec  .         Spirit   .     (cloak unavailable)
rCorr  .         Warding  .     (gloves unavailable)
rMut   .         Stasis   .     (boots unavailable)
MR     .....                    (no amulet)
Stlth  ++........               (no ring)
                                e - ring of protection from fire (curse)

@: quick, not resistant to hostile enchantments, unstealthy
A: no armour, no weapons or thrown items, claws 1, fangs 3, see invisible,
carnivore 3, speed 1, shaggy fur 1, slow metabolism 1, weak 1, sharp paws
a: Renounce Religion


You were on level 3 of the Dungeon.
You worshipped Xom.
You were a special plaything of Xom.
You were not hungry.

You visited 1 branch of the dungeon, and saw 3 of its levels.

You collected 87 gold pieces.

Inventory:

Jewellery
 e - a cursed ring of protection from fire (left paw)
Scrolls
 b - 3 scrolls of identify {unknown}
 c - a scroll of enchant weapon {unknown}
 g - a scroll of teleportation {unknown}
 h - a scroll of fear {unknown}
 i - 2 scrolls of amnesia {unknown}
 j - 3 scrolls of remove curse {unknown}
Potions
 f - a potion of brilliance {unknown}
Comestibles
 a - 2 meat rations
 d - a beef jerky


   Skills:
 - Level 3.0 Fighting
 - Level 3.2 Dodging
 + Level 6.6 Unarmed Combat


You had 3 spell levels left.
You didn't know any spells.

Dungeon Overview and Level Annotations

Branches:
Dungeon (3/15)

Altars:
Dithmenos
Okawaru
Zin

Shops:
D:2 *

Annotations:
D:3 Crazy Yiuf, Grinder


Innate Abilities, Weirdness & Mutations

You cannot wear armour.
You are incapable of wielding weapons or throwing items.
You have sharp claws.
You have razor-sharp teeth.
You have supernaturally acute eyesight.
You are carnivorous and can eat meat at any time.
You cover ground quickly.
You are covered in fur (AC +1).
You have a slow metabolism.
Your sharp claws are effective at attacking unaware monsters.
You are weak. (Str -2)


Message History

Xom howls with laughter!
You are now level 4!
You rejoin the land of the living...
Unknown command.
Unknown command.
Found a hammer.
Crazy Yiuf the Enlightened comes into view.
He is wielding a quarterstaff of chaos.
Crazy Yiuf is nearby!
Crazy Yiuf shouts!
Crazy Yiuf screams, "Gum!
Paint snockshim poople."
Crazy Yiuf misses you.
You scratch Crazy Yiuf.
Crazy Yiuf is moderately wounded.
Crazy Yiuf hits you with a quarterstaff of chaos!
Ouch! That really hurt!
You claw Crazy Yiuf!
Crazy Yiuf is heavily wounded.
Crazy Yiuf hits you with a quarterstaff of chaos!
Ouch! That really hurt!
You die...

#... r #..# #..# K
... #.# #####.# ####
♣♣##.....# #)..#♣♣
♣♣..#.###.#
#..g@.♣♣♣♣.......#.#
#...#♣..♣......#.#.#
#### ♣♣♣.♣...###....
♣♣♣♣♣## #.# #...
#... #...


r You could see Crazy Yiuf.

Vanquished Creatures
  A hound (D:2)
  A crimson imp (D:3)
  Ijyb (D:2)
  A worker ant (D:3)
  An adder (D:2)
  A worm (D:2)
  2 giant geckos
  3 bats
  4 giant cockroaches
  5 goblins
  3 hobgoblins (D:1)
  A quokka (D:2)
  A ball python (D:2)
  3 giant newts
  3 kobolds (D:1)
  3 rats
34 creatures vanquished.

Vanquished Creatures (collateral kills)
  Sigmund (D:2)
1 creature vanquished.

Grand Total: 35 creatures vanquished

Notes
Turn   | Place    | Note
--------------------------------------------------------------
     0 | D:1      | Monkaria the Felid Chaos Knight began the quest for the Orb.
     0 | D:1      | Reached XP level 1. HP: 10/10 MP: 2/2
    25 | D:1      | XOM: silly message
   128 | D:1      | XOM: silly message
   179 | D:1      | Reached XP level 2. HP: 7/14 MP: 3/3
   325 | D:1      | XOM: harmless Ice miscast
   337 | D:1      | XOM: divination: detect creatures
   422 | D:1      | XOM: harmless Hex miscast
   558 | D:1      | Reached skill level 4 in Unarmed Combat
   624 | D:2      | Found a shadowy altar of Dithmenos.
   675 | D:2      | Found Zin's Purification Station.
   678 | D:2      | Found a glowing silver altar of Zin.
   817 | D:2      | XOM: divination: detect items
   990 | D:2      | XOM: harmless Pois miscast
   991 | D:2      | Reached XP level 3. HP: 17/17 MP: 4/4
  1042 | D:2      | XOM: give mutation
  1042 | D:2      | Gained mutation: You are weak. (Str -2) [Xom's mischief]
  1048 | D:2      | Found an iron altar of Okawaru.
  1078 | D:2      | Noticed Ijyb
  1091 | D:2      | Killed Ijyb
  1470 | D:2      | Found a faded altar to an unknown god.
  1530 | D:2      | Reached XP level 4. HP: 21/21 MP: 5/5
  1561 | D:2      | Reached skill level 5 in Unarmed Combat
  1788 | D:2      | XOM: mild Chrm miscast
  1902 | D:2      | Noticed Sigmund
  1903 | D:2      | XOM: summons 4 friendly demons
  1907 | D:2      | XOM: summons friendly iron imp
  1915 | D:2      | Killed Sigmund
  1915 | D:2      | Reached skill level 6 in Unarmed Combat
  1915 | D:2      | Reached XP level 5. HP: 24/24 MP: 6/6
  2137 | D:3      | Noticed Grinder
  2137 | D:3      | XOM: potion effect (haste)
  2143 | D:3      | XOM: divination: detect creatures
  2154 | D:3      | Killed from afar by Grinder
  2155 | D:3      | Reached XP level 4. HP: 0/21 MP: 5/5
  2165 | D:3      | Noticed Crazy Yiuf
  2170 | D:3      | Slain by Crazy Yiuf

Vault maps used:
D:1:      lightli_arrival_isolated_outpost
D:2:      zin_purify, okawaru_gym_becter, lemuel_doored_altar,
          ecumenical_altar_2, uniq_sigmund, uniq_iyjb
D:3:      nemelex_deck, gammafunk_temple_overflow_forgotten, uniq_grinder,
          uniq_terence, uniq_crazy_yiuf_cottage

Action                   |  1- 3 |  4- 6 || total
-------------------------+-------+-------++-------
Melee: Unarmed           |    85 |    31 ||   116
  Use: Potion            |     3 |       ||     3
 Stab: Sleeping          |     9 |       ||     9
  Eat: Chunk             |     6 |     4 ||    10
